 Dungeon Crawl Stone Soup version 0.23-a0-650-ga4d50d4 (webtiles) character file.

252 Borgoz the Covert (level 6, 0/35 HPs)
             Began as a Kobold Assassin on Jan 2, 2019.
             Slain by Natasha (7 damage)
             ... on level 4 of the Dungeon.
             The game lasted 00:09:45 (4069 turns).

Borgoz the Covert (Kobold Assassin)                 Turns: 4069, Time: 00:09:46

Health: 0/35       AC:  8    Str: 10    XL:     6   Next: 36%
Magic:  6/6        EV: 14    Int: 13    God:
Gold:   160        SH:  0    Dex: 16    Spells: 5/5 levels left

rFire    . . .     SeeInvis +   a - +3 dagger
rCold    . . .     Gourm    .   (shield restricted)
rNeg     . . .     Faith    .   A - +5 robe of Night {Dark MR+ SInv}
rPois    .         Spirit   .   (no helmet)
rElec    .         Reflect  .   d - +0 cloak
rCorr    .         Harm     .   (no gloves)
MR       +....                  (no boots)
Stlth    ++++......             (no amulet)
HPRegen  0.11/turn              (no ring)
MPRegen  0.10/turn              (no ring)

@: no status effects
A: small, carnivore
a: no special abilities


You were on level 4 of the Dungeon.
You were completely stuffed.

You visited 1 branch of the dungeon, and saw 4 of its levels.

You collected 160 gold pieces.

Inventory:

Hand Weapons
 a - a +3 dagger (weapon)
 b - a +0 blowgun
 n - a +2 whip of electrocution
 p - a +2 short sword of speed
Missiles
 e - 20 poisoned needles
 f - 2 curare-tipped needles
Armour
 c - a +0 robe
 d - a +0 cloak (worn)
 m - a +0 scale mail
 x - a cursed +0 shield
 A - the +5 robe of Night (worn) {Dark MR+ SInv}
   (You found it on level 4 of the Dungeon)

   It affects your resistance to hostile enchantments.
   It lets you see invisible.
Scrolls
 i - 3 scrolls of enchant weapon
 l - 2 scrolls of enchant armour {unknown}
 o - a scroll of immolation {unknown}
 r - 2 scrolls of teleportation {unknown}
 t - 2 scrolls of remove curse {unknown}
 u - 3 scrolls of amnesia {unknown}
 y - a scroll of magic mapping {unknown}
Potions
 j - 2 potions of flight
 k - a potion of curing
 q - a potion of mutation
 s - 2 potions of resistance
 v - a potion of brilliance
 w - a potion of haste
Comestibles
 g - 5 rations


   Skills:
 - Level 2.1 Fighting
 + Level 6.0 Short Blades
 - Level 2.1 Throwing
 - Level 1.2 Dodging
 + Level 8.1 Stealth


You had 5 spell levels left.
You didn't know any spells.
Your spell library was empty.

Dungeon Overview and Level Annotations

Branches:
Dungeon (4/15)
 Temple: D:4-7

Altars:
Fedhas
Qazlal
Trog

Annotations:
D:4 Natasha


Innate Abilities, Weirdness & Mutations

You are small and have problems with some larger weapons.
You are carnivorous and can eat meat at any time.


Message History

You hit Natasha.
Natasha is moderately wounded.
Natasha claws you.
* * * LOW HITPOINT WARNING * * *
Okay, then.
Found 14 gold pieces.
Okay, then.
Natasha casts a spell at you. You resist with almost no effort.
Natasha casts a spell.
b - a +0 blowgun (weapon)
Firing (i - inventory. (/) - cycle)
e - 21 poisoned needles (quivered)
Press: ? - help, Shift-Dir - straight line, f/p - Natasha
Aim: Natasha (almost dead, poisoned)
You shoot a poisoned needle. The poisoned needle hits Natasha.
Natasha looks even sicker.
Natasha is almost dead.
a - a +3 dagger (weapon)
Natasha claws you!
You die...

##.....##.......#
................#
..##............#
.##............##
..#.....<.......####
..##.............#.# .
..####.(...(.......#..
..# #.........(......#
..#...........5h@..##
.......(...........#
..#.............#.$#
..##. .#....<..###.#
### ....# .# # ... .#
... .... ..##


You could see Natasha and a white imp.

Vanquished Creatures
  A crimson imp (D:4)
  An iguana (D:4)
  Natasha (twice) (D:4)
  A hound skeleton (D:4)
  3 adders
  A worm (D:2)
  5 dart slugs
  2 leopard geckos
  11 orcs
  10 bats
  5 giant cockroaches (D:3)
  5 goblins
  6 hobgoblins
  6 jackals
  4 kobolds
  2 quokkas
  3 frilled lizards
  A leopard gecko skeleton (D:4)
  7 rats
76 creatures vanquished.

Notes
Turn   | Place    | Note
-------+----------+-------------------------------------------
     0 | D:1      | Borgoz the Kobold Assassin began the quest for the Orb.
     0 | D:1      | Reached XP level 1. HP: 12/12 MP: 1/1
   186 | D:1      | Reached XP level 2. HP: 11/17 MP: 2/2
   551 | D:1      | Reached skill level 6 in Stealth
   585 | D:1      | Reached XP level 3. HP: 21/21 MP: 3/3
  1399 | D:2      | Reached XP level 4. HP: 5/26 MP: 4/4
  1742 | D:3      | Found a stormy altar of Qazlal.
  2380 | D:2      | Found a bloodstained altar of Trog.
  2475 | D:2      | Reached skill level 7 in Stealth
  2475 | D:2      | Reached XP level 5. HP: 27/30 MP: 5/5
  3132 | D:3      | Reached skill level 5 in Short Blades
  3249 | D:3      | Found a blossoming altar of Fedhas.
  3661 | D:4      | Noticed Natasha
  3677 | D:4      | Killed Natasha
  3706 | D:4      | Reached XP level 6. HP: 26/35 MP: 6/6
  3889 | D:4      | Found the +9 staff of Olgreb {rPois}
  3897 | D:4      | Found the +5 robe of Night {Dark MR+ SInv}
  3930 | D:4      | Noticed Natasha
  3954 | D:4      | Killed Natasha
  3982 | D:4      | Reached skill level 8 in Stealth
  4050 | D:4      | Noticed Natasha
  4069 | D:4      | Slain by Natasha

Vault maps used:
D:1:      saegor_arrival_simple_d, ebering_dispersal_statue_hall,
          minmay_misc_feat_nine_boxes, minmay_cut_off
D:2:      first_ration, bloody_trog
D:3:      nicolae_overflow_crystal_walls, fedhas_altar_2, serial_glass,
          glass_columns_b, glass_columns_b
D:4:      minmay_misc_feat_doors, uniq_pikel, uniq_natasha

Skill      XL: |  1  2  3  4  5  6 |
---------------+-------------------+-----
Short Blades   | 3 4 5 6 |  6.0
Stealth        | 6 7 8 |  8.1
Fighting       | |  2.1
Throwing       | |  2.1
Dodging        | |  1.2

Action                   |  1- 3 |  4- 6 || total
-------------------------+-------+-------++-------
Melee: Dagger            |    90 |   202 ||   292
       Short sword       |       |    53 ||    53
 Fire: Blowgun           |     1 |    23 ||    24
  Use: Scroll            |       |     6 ||     6
       Potion            |       |     1 ||     1
 Stab: Sleeping          |    11 |     4 ||    15
  Eat: Chunk             |     7 |    11 ||    18
Armor: Robe              |    16 |    19 ||    35
       Scale mail        |       |    38 ||    38
Dodge: Dodged            |    68 |   134 ||   202

Table legend:
 A = Non-vault XP
 B = Vault XP
 C = Vault XP percentage of total XP
 D = Non-vault monster count
 E = Vault monster count
 F = Vault count percentage of total count
                 A         B        C        D         E       F
            +---------+---------+-------+---------+---------+-------
      Total |     325 |      35 |   9.7 |      75 |       1 |   1.3
            +---------+---------+-------+---------+---------+-------
        D:1 |      35 |       0 |   0.0 |      17 |       0 |   0.0
        D:2 |      73 |       0 |   0.0 |      23 |       0 |   0.0
        D:3 |      58 |       0 |   0.0 |      27 |       0 |   0.0
        D:4 |     159 |      35 |  18.0 |       8 |       1 |  11.1
            +---------+---------+-------+---------+---------+-------
